 Dungeon Crawl Stone Soup version 0.27.0-1-g7a089689b8 (webtiles) character file.

Game seed: 1202685851599217257

1080 avis the Insei (level 8, -5/66 HPs)
             Began as a Black Draconian Transmuter on Aug 6, 2021.
             Slain by a bullfrog skeleton (6 damage)
             ... on level 5 of the Dungeon on Aug 7, 2021.
             The game lasted 00:24:50 (5864 turns).

avis the Insei (Black Draconian Transmuter)         Turns: 5864, Time: 00:24:51

Health: -5/66      AC:  2    Str: 13    XL:     8   Next: 8%
Magic:  8/11       EV: 20    Int: 14    God:
Gold:   196        SH:  0    Dex: 18    Spells: 3/11 levels left

rFire    . . .     SeeInvis .     - Unarmed
rCold    . . .     Faith    .   (shield currently unavailable)
rNeg     . . .     Spirit   .   (armour unavailable)
rPois    x         Reflect  .   (helmet currently unavailable)
rElec    .         Harm     .   (cloak currently unavailable)
rCorr    .         Rampage  .   (gloves currently unavailable)
Will     .....                  (boots currently unavailable)
Stlth    ++........             (no amulet)
HPRegen  0.21/turn              (no ring)
MPRegen  0.12/turn              (no ring)

@: lethally poisoned (-5 -> -22), spider-form (expiring)
A: venomous fangs, (breathe lightning), AC +6, tiny, unfitting armour,
(electricity resistance), (cold-blooded)
a: End Transformation


You were on level 5 of the Dungeon.
You were a venomous arachnid creature.
You visited 1 branch of the dungeon, and saw 5 of its levels.

You collected 196 gold pieces.

Inventory:

Hand Weapons
 a - a +0 dagger of speed (melded)
 p - a +0 flail of protection
Missiles
 b - 19 bolts
 c - 110 stones
 v - 20 arrows
Armour
 q - a +2 ring mail of willpower
Jewellery
 m - a ring of protection from fire
 n - a ring of protection from fire
Scrolls
 d - 2 scrolls of magic mapping {unknown}
 e - 5 scrolls of teleportation {unknown}
 f - 4 scrolls of noise {unknown}
 g - a scroll of enchant armour {unknown}
 h - a scroll of identify {unknown}
 i - a scroll of amnesia {unknown}
 j - a scroll of enchant weapon {unknown}
 r - a scroll of silence {unknown}
 u - a scroll of fog {unknown}
 w - a scroll of acquirement {unknown}
Potions
 k - a potion of flight {unknown}
 l - a potion of attraction {unknown}
 o - a potion of berserk rage {unknown}
 s - a potion of degeneration {unknown}
 t - a potion of mutation {unknown}


   Skills:
 - Level 4.0 Fighting
 - Level 3.0 Dodging
 - Level 2.0 Stealth
 * Level 7.9 Unarmed Combat
 - Level 2.0 Spellcasting
 - Level 3.0 Transmutations
 - Level 2.0 Poison Magic


You had 3 spell levels left.
You knew the following spells:

 Your Spells              Type           Power      Damage    Failure   Level
a - Beastly Appendage     Tmut           18%        N/A       19%         1
p - Spider Form           Tmut/Pois      4%         N/A       47%         3
q - Ice Form              Ice/Tmut       5%         N/A       90%         4

Your spell library contained the following spells:

 Spells                   Type           Power      Damage    Failure   Level
 Wereblood                Tmut           9%         N/A       26%         2
 Summon Small Mammal      Summ           4%         N/A       45%         1
 Ignite Poison            Fire/Tmut/Pois 6%         N/A       58%         3
 Call Canine Familiar     Summ           1%         N/A       77%         3
 Conjure Flame            Conj/Fire      1%         6-21      77%         3
 Summon Guardian Golem    Hex/Summ       1%         N/A       77%         3
 Sticky Flame             Conj/Fire      1%         2d3       98%         4


Dungeon Overview and Level Annotations

Branches:
Dungeon (5/15)
 Temple: D:4-7

Altars:
Wu Jian
Yredelemnul
Zin
The Shining One

Shops:
D:5 !


Innate Abilities, Weirdness & Mutations

You are a venomous arachnid creature.
You have poisonous fangs.
You are tiny and dextrous.
Your spellcasting is less reliable in this form.
Your armour is entirely melded.
You are incapable of wielding weapons or throwing items.
((You can breathe wild blasts of lightning.))
((Your glossy black scales are hard. (AC +6)))
You cannot fit into any form of body armour.
((You are resistant to electric shocks. (rElec)))
((You are cold-blooded and may be slowed by cold attacks.))


Message History

A bullfrog skeleton comes into view.
Casting: Spider Form (dangerous; 26% risk of failure)
Confirm with . or Enter, or press ? or * to list all spells.
You turn into a venomous arachnid creature.
Your +0 dagger of speed melds into your body.
A water moccasin comes into view.
Your transformation is almost over.
You hit the water moccasin.
The water moccasin is lightly wounded.
The water moccasin bites you.
You are poisoned.
The water moccasin poisons you!
You bite the water moccasin!
The water moccasin is poisoned.
The water moccasin is heavily wounded.
You feel extremely sick. The water moccasin bites you!
The water moccasin bites you.
You are lethally poisoned!
The water moccasin poisons you!
You closely miss the water moccasin.
The water moccasin is heavily wounded.
You feel extremely sick.
The water moccasin completely misses you.
You hit the water moccasin.
The water moccasin is heavily wounded.
* * * LOW HITPOINT WARNING * * *
You feel extremely sick. The water moccasin closely misses you.
You bite the water moccasin!
You kill the water moccasin!
* * * LOW HITPOINT WARNING * * *
You feel very sick.
You have reached level 8!
You feel stronger.
Okay, then.
* * * LOW HITPOINT WARNING * * *
You feel very sick.
* * * LOW HITPOINT WARNING * * *
You feel very sick. The bullfrog skeleton hits you.
You die...

### .[# #.# #####.# ..##.#
# ####.##.#
#.###....##.####### ###
#....Zs............
#.........##.#.###.#.#####
###.######.# #.#.# #.#.##
...# #.###.#.###....##
#..# ................#
#..# .######.#.####....#
#.<# .# #.#.# #.#.#.##
.##..###.## #.#.##.#
.#..## ......>...#
#.#.#.###.#.#.##


You could see a bullfrog skeleton.

Vanquished Creatures
  Grinder (D:3)
  Edmund (D:4)
  3 water moccasins
  An ogre (D:4)
  3 scorpions
  A hound (D:4)
  Terence (D:2)
  7 adders
  A white imp (D:5)
  4 worms
  A dart slug (D:3)
  4 bats
  2 endoplasms
  2 giant cockroaches
  15 hobgoblins
  5 kobolds
  2 quokkas
  4 ball pythons
  3 frilled lizards
  6 goblins
  5 rats
72 creatures vanquished.

Notes
Turn   | Place    | Note
-------+----------+-------------------------------------------
     0 | D:1      | avis the Draconian Transmuter began the quest for the Orb.
     0 | D:1      | Reached XP level 1. HP: 16/16 MP: 3/3
    49 | D:1      | Reached skill level 1 in Stealth
   199 | D:1      | Reached XP level 2. HP: 21/23 MP: 3/5
   529 | D:1      | Found a faded altar of an unknown god.
   774 | D:1      | Reached XP level 3. HP: 28/29 MP: 4/6
  1018 | D:2      | Reached skill level 1 in Poison Magic
  1393 | D:2      | Found a glowing silver altar of Zin.
  1401 | D:2      | Noticed Terence
  1417 | D:2      | Learned a level 3 spell: Spider Form
  1427 | D:2      | Killed Terence
  1428 | D:2      | Reached XP level 4. HP: 36/36 MP: 4/7
  2335 | D:3      | Noticed Grinder
  2474 | D:3      | Found a glowing golden altar of the Shining One.
  2620 | D:3      | Noticed a water moccasin
  2642 | D:3      | Killed a water moccasin
  2643 | D:3      | Reached skill level 4 in Unarmed Combat
  2643 | D:3      | Reached XP level 5. HP: 11/45 MP: 2/8
  3038 | D:3      | Found a basalt altar of Yredelemnul.
  3039 | D:3      | Found an ornate altar of the Wu Jian Council.
  3800 | D:3      | Killed Grinder
  3801 | D:3      | Reached skill level 5 in Unarmed Combat
  3801 | D:3      | Reached XP level 6. HP: 16/51 MP: 7/9
  4194 | D:4      | Reached skill level 6 in Unarmed Combat
  4457 | D:4      | Your scales start taking on a glossy black colour.
  4457 | D:4      | Reached XP level 7. HP: 20/59 MP: 7/10
  4457 | D:4      | Gained mutation: You are resistant to electric shocks.
                  | (rElec) [Black Draconian growth]
  4778 | D:4      | Noticed Edmund
  4790 | D:4      | Killed Edmund
  5186 | D:5      | Entered Level 5 of the Dungeon
  5186 | D:5      | Found Codileh's Distillery.
  5194 | D:4      | Reached skill level 7 in Unarmed Combat
  5494 | D:4      | Learned a level 4 spell: Ice Form
  5863 | D:5      | Reached XP level 8. HP: 11/66 MP: 8/11
  5864 | D:5      | HP: 1/66 [poisoned by a water moccasin]
  5864 | D:5      | Slain by a bullfrog skeleton

Illustrated notes

Levels and vault maps discovered:
D:1:      pf_arrival_petrified_forest, layout_rooms,
          shapermc_ecumenical_altar_mp_ritualfount, minmay_misc_feat_nine_boxes,
          minmay_misc_feat_enclosed, hangedman_glass_garden,
          minmay_split_cup_large
D:2:      layout_loops_ring, basic_altar, uniq_terence
D:3:      layout_basic, mainiacjoe_overflow_alcove_4,
          grunt_temple_overflow_open, uniq_grinder
D:4:      layout_gridville, uniq_edmund
D:5:      layout_loops_ring, nicolae_stop_n_shop_1

Skill      XL: |  1  2  3  4  5  6  7 |
---------------+----------------------+-----
Stealth        | 1 2 |  2.0
Fighting       | 2 3 4 |  4.0
Poison Magic   | 2 |  2.0
Dodging        | 2 3 |  3.0
Unarmed Combat | 4 5 6 7 |  7.9
Transmutations | 3 |  3.0
Spellcasting   | |  2.0

Action                   |  1- 3 |  4- 6 |  7- 9 || total
-------------------------+-------+-------+-------++-------
Melee: Unarmed           |    26 |    46 |    44 ||   116
       Kick              |    21 |    10 |       ||    31
       Dagger            |    99 |    63 |     1 ||   163
       Tailslap          |    11 |     8 |       ||    19
       Headbutt          |    11 |     5 |       ||    16
       Punch             |     1 |     1 |     1 ||     3
 Cast: Beastly Appendage |    20 |    18 |       ||    38
       Spider Form       |     1 |    11 |    10 ||    22
 Abil: Breathe Lightning |       |       |     1 ||     1
  Use: Potion            |       |     2 |       ||     2
 Stab: Sleeping          |     2 |     4 |     1 ||     7
Armor: Skin              |    30 |    14 |     2 ||    46
Dodge: Dodged            |    77 |    52 |    33 ||   162
